 Dungeon Crawl Stone Soup version 0.28-a0-1555-g9ae15a6949 (webtiles) character file.

Game seed: 10624165236249487763

123 Hasart the Insei (level 5, -1/34 HPs)
             Began as an Octopode Transmuter on Jan 18, 2022.
             Slain by an orc (7 damage)
             ... on level 4 of the Dungeon.
             The game lasted 00:03:45 (3802 turns).

Hasart the Insei (Octopode Transmuter)              Turns: 3802, Time: 00:03:45

Health: -1/34      AC:  1    Str:  9    XL:     5   Next: 7%
Magic:  8/8        EV: 13    Int: 17    God:
Gold:   110        SH:  0    Dex: 13    Spells: 2/8 levels left

rFire   . . .      SeeInvis +     - Unarmed
rCold   . . .      Faith    .   (no shield)
rNeg    . . .      Spirit   .   (helmet currently unavailable)
rPois   .          Reflect  .   g - amulet of magic regeneration
rElec   .          Harm     .   n - ring of see invisible
rCorr   .          Rampage  .   (no ring)
Will    .....                   (no ring)
Stlth   ++........              (no ring)
HPRegen 0.11/turn               (no ring)
MPRegen 0.51/turn               (no ring)
                                (no ring)
                                (no ring)

@: appendages
A: tentacle spike 3, almost no armour, amphibious, 8 rings, camouflage 1,
gelatinous body 1, (nimble swimmer 1), tentacles
a: End Transformation


You were on level 4 of the Dungeon.
One of your tentacles had grown a beastly spike.
You visited 1 branch of the dungeon, and saw 4 of its levels.

You collected 110 gold pieces.

Inventory:

Armour
 j - a +2 hat (melded)
Jewellery
 g - an amulet of magic regeneration (around mantle)
 n - a ring of see invisible (left tentacle)
Wands
 h - a wand of polymorph (8)
Scrolls
 e - a scroll of enchant weapon {unknown}
 k - a scroll of fear {unknown}
 l - 3 scrolls of vulnerability {unknown}
Potions
 a - 2 potions of degeneration {unknown}
 b - a potion of heal wounds {unknown}
 c - a potion of berserk rage {unknown}
 d - a potion of might {unknown}
 f - a potion of brilliance {unknown}
 i - 2 potions of flight {unknown}
 m - a potion of invisibility {unknown}


   Skills:
 + Level 2.0 Fighting
 + Level 2.7 Dodging
 * Level 3.9 Unarmed Combat
 + Level 2.4 Spellcasting
 + Level 2.6 Transmutations
 + Level 1.2 Poison Magic


You had 2 spell levels left.
You knew the following spells:

 Your Spells              Type           Power      Damage    Failure   Level
a - Beastly Appendage     Tmut           22%        N/A       6%          1
b - Wereblood             Tmut           11%        N/A       10%         2
c - Spider Form           Tmut/Pois      8%         N/A       26%         3

Your spell library contained the following spells:

 Spells                   Type           Power      Damage    Failure   Level
 Ice Form                 Ice/Tmut       6%         N/A       71%         4


Dungeon Overview and Level Annotations

Branches:
Dungeon (4/15)
 Temple: D:4-7

Altars:


Innate Abilities, Weirdness & Mutations

One of your tentacles has grown a beastly spike.
You cannot wear most types of armour.
You are amphibious.
You can wear up to eight rings at the same time.
Your skin changes colour to match your surroundings (Stealth+).
Your rubbery body absorbs attacks. (AC +1, EV +1)
((You are camouflaged when in or above water. (Stealth+)))
You have tentacles for arms and can constrict up to eight enemies at once.


Message History

The kobold hits you but does no damage. The orc barely misses you.
You barely miss the orc. You grab the orc. You constrict the orc.
The kobold hits you but does no damage. The orc hits you with a +0 mace!
Unknown command.
You release your grip on the orc.
An orc comes into view. It is wielding a +0 club.
The kobold throws a poisoned dart.
The poisoned dart barely misses you.
Casting: Beastly Appendage (safe; 6% risk of failure)
Confirm with . or Enter, or press ? or * to list all spells.
One of your tentacles grows a vicious spike.
Your +2 hat melds into your body.
You tentacle-slap the orc. You grab the orc. Your squeeze misses the orc.
The orc is heavily wounded.
You constrict the orc. The orc barely misses you.
Unknown command.
You tentacle-slap the orc but do no damage.
You grab the orc.
You pierce the orc.
The orc is heavily wounded.
You constrict the orc.
You constrict the orc, but do no damage.
The orc barely misses you. The orc misses you.
Unknown command.
You tentacle-slap the orc.
You kill the orc!
You constrict the orc, but do no damage.
The orc misses you.
Unknown command.
You tentacle-slap the orc.
You pierce the orc, but do no damage.
The orc is severely wounded.
You constrict the orc, but do no damage.
The kobold closely misses you. The orc hits you with a +0 mace!
* * * LOW HITPOINT WARNING * * *
Unknown command.
You tentacle-slap the kobold but do no damage.
Your grab misses the kobold.
You tentacle-slap the kobold, but do no damage.
You constrict the orc, but do no damage.
The orc misses you. The kobold barely misses you.
The orc hits you with a +0 mace!
You die...

#.....#####..#.#.......#
###....# #..#.##......#
#.....## ##.#..........
##....## .....#####..
..#..#...# #.... ...
.....#..## ####... ...
..##....###.#...# ... ..
###...)o....#
##.o@##...##
###K#.....#..
#..o......o..
[...............
.............##..
.............#
##.......#.###
#.......### ##.....##


You could see an orc priest, 2 orcs and a kobold.

Vanquished Creatures
  An iguana (D:3)
  2 adders (D:2)
  An adder skeleton (D:4)
  2 worms (D:2)
  An orc (D:4)
  2 bats
  7 endoplasms
  4 giant cockroaches
  10 goblins
  4 hobgoblins
  4 jackals
  2 quokkas
  8 ball pythons
  2 frilled lizards (D:2)
  8 kobolds
  3 rats
61 creatures vanquished.

Notes
Turn   | Place    | Note
-------+----------+-------------------------------------------
     0 | D:1      | Hasart the Octopode Transmuter began the quest for the Orb.
     0 | D:1      | Reached XP level 1. HP: 13/13 MP: 3/3
   384 | D:1      | Reached XP level 2. HP: 18/18 MP: 5/5
   394 | D:1      | Learned a level 2 spell: Wereblood
   809 | D:1      | Found a faded altar of an unknown god.
   826 | D:1      | Reached XP level 3. HP: 12/23 MP: 6/6
  1335 | D:2      | Learned a level 3 spell: Spider Form
  1891 | D:2      | Reached XP level 4. HP: 23/29 MP: 7/7
  2505 | D:3      | Reached skill level 1 in Poison Magic
  3221 | D:3      | You fall into a shaft and drop 1 floor!
  3622 | D:4      | Reached XP level 5. HP: 30/34 MP: 8/8
  3802 | D:4      | Slain by an orc

Illustrated notes

Levels and vault maps discovered:
D:1:      minmay_arrival_glassed_features, layout_loops_ring,
          shapermc_ecumenical_altar_notcrosses
D:2:      layout_loops_cross, chequers_serial_rivers_large_b
D:3:      layout_rooms, nicolae_overflow_hidden_temple
D:4:      layout_cave_pools, lemuel_tele_altar

Skill      XL: |  1  2  3  4 |
---------------+-------------+-----
Poison Magic   | 1 |  1.2
Fighting       | 2 |  2.0
Dodging        | |  2.7
Unarmed Combat | |  3.9
Spellcasting   | |  2.4
Transmutations | |  2.6

Action                   |  1- 3 |  4- 6 || total
-------------------------+-------+-------++-------
Melee: Unarmed           |    99 |    61 ||   160
       Constrict         |    19 |    17 ||    36
       Tentacles         |    12 |    15 ||    27
       Kick              |     2 |     4 ||     6
       Punch             |     2 |     1 ||     3
 Cast: Beastly Appendage |     3 |     3 ||     6
 Stab: Sleeping          |     2 |     7 ||     9
Armor: Skin              |     6 |    10 ||    16
Dodge: Dodged            |    56 |    33 ||    89

Table legend: (Time is in decaauts)
 A = Elapsed time spent in this place.
 B = Non-inter-level travel time spent in this place.
 C = Inter-level travel time spent in this place.
 D = Time resting spent in this place.
 E = Time spent auto-exploring this place.
 F = Levels seen in this place.
 G = Mean time per level.
                   A        B        C        D        E       F      G
               +--------+--------+--------+--------+--------+-----+--------+
         Total |   3793 |   3698 |     95 |    493 |   2745 |   4 |  948.2 |
       Dungeon |   3793 |   3698 |     95 |    493 |   2745 |   4 |  948.2 |
               +--------+--------+--------+--------+--------+-----+--------+

Top non-repeatable levels by time:
     D:2: 1416 daAuts
     D:1: 1326 daAuts
     D:3: 780 daAuts
     D:4: 270 daAuts
